Map: Triton LE

Players

Kelazhur

  • Race: Terran Terran
  • Spawn Location: 11:00

SKillous - Winner!

  • Race: Protoss Protoss
  • League: Grandmaster
  • Spawn Location: 5:00

VOD

Have the link to the VOD?

Description

Time

  • Played on: Jan. 13, 2020, 3:36 p.m.
  • Length: 19:00
Show
View Real Time Build Order
Export as new Build Order

Kelazhur Terran 

Build Orders: Gas First Reaper Expand 

Get SALT Encoding   

  12  0:00  SCV  
  13  0:12  SCV  
  14  0:17  Supply Depot  
  14  0:24  SCV  
  14  0:28  Refinery  
  15  0:38  SCV  
  16  0:44  Barracks  
  16  0:50  SCV  
  17  1:02  SCV  
  18  1:14  SCV  
  19  1:31  Reaper, Orbital Command  
  20  1:42  Command Center  
  20  1:54  Factory  
  20  1:57  SCV  
  21  2:06  Barracks Reactor  
  21  2:08  Supply Depot  
  21  2:09  SCV  
  22  2:19  Refinery  
  22  2:21  SCV  
  23  2:33  SCV  
  23  2:39  Hellion  
  23  2:43  Starport  
  23  2:44  Marine x2  
  26  2:45  SCV  
  28  2:54  Orbital Command  
  28  2:58  SCV  
  29  3:09  Marine x2  
  29  3:10  SCV  
  29  3:11  Widow Mine  
  35  3:20  SCV  
  35  3:21  Viking  
  35  3:22  SCV  
  35  3:26  Supply Depot  
  38  3:32  SCV  
  39  3:35  SCV  
  39  3:40  Marine x2  
  41  3:44  SCV  
  41  3:47  SCV, Factory Tech Lab  
  43  3:56  SCV  
  43  3:57  Marine  
  43  3:58  Marine  
  43  3:59  SCV  
  43  4:08  SCV  
  46  4:10  Viking  
  46  4:11  Cyclone  
  46  4:13  SCV  
  46  4:15  Marine x2, Supply Depot  
  51  4:20  SCV  
  52  4:25  SCV  
  52  4:26  Command Center  
  53  4:34  Marine  
  53  4:37  Marine  
  53  4:38  SCV x2  
  57  4:39  Supply Depot  
  57  4:50  SCV  
  57  4:51  SCV  
  59  4:54  Engineering Bay  
  59  4:55  Marine x2  
  61  5:03  SCV x2  
  61  5:04  Barracks  
  61  5:07  Supply Depot, Barracks  
  61  5:15  Starport Tech Lab  
  61  5:17  SCV  
  62  5:22  SCV, Terran Infantry Weapons Level 1, Refinery  
  62  5:23  Refinery  
  62  5:25  Missile Turret  
  63  5:28  Missile Turret  
  63  5:30  SCV  
  63  5:32  Supply Depot, Barracks  
  63  5:33  Barracks  
  63  5:34  Marine, Stimpack  
  65  5:36  Factory Reactor  
  65  5:40  Orbital Command  
  65  5:43  SCV x2  
  67  5:53  Armory  
  67  5:54  Starport Reactor  
  67  5:55  SCV x2, Engineering Bay  
  69  5:57  Marauder  
  73  6:04  Combat Shield, Marauder  
  73  6:05  Marine x2  
  73  6:07  SCV  
  73  6:08  SCV  
  76  6:13  Orbital Command  
  76  6:19  SCV, Marauder  
  76  6:21  Supply Depot, Barracks Reactor, Barracks Tech Lab  
  76  6:22  Widow Mine x2  
  76  6:23  Marine  
  76  6:25  Marine, Supply Depot  
  85  6:27  SCV  
  88  6:33  SCV, Marauder  
  88  6:39  Medivac  
  91  6:40  Medivac, Marauder  
  91  6:41  SCV x2  
  91  6:45  Supply Depot  
  97  6:54  Marine  
  97  6:55  Concussive Shells, Marauder x2  
  97  6:56  Widow Mine  
  97  6:57  SCV x2  
  97  6:58  SCV  
  107  7:01  Supply Depot  
  107  7:04  Marine x2, Marauder  
  107  7:07  Widow Mine  
  113  7:09  SCV x2  
  113  7:11  Medivac x2  
  113  7:12  SCV  
  120  7:16  Refinery  
  120  7:17  Marine, Marauder  
  120  7:19  Marine x2  
  125  7:28  Marine x2, Marauder  
  129  7:31  Widow Mine x2  
  129  7:33  Terran Infantry Weapons Level 2  
  133  7:37  Supply Depot  
  133  7:40  Marine  
  133  7:41  SCV x3, Marauder  
  133  7:42  Supply Depot  
  139  7:45  Marauder  
  141  7:58  Marine x3  
  141  7:59  Marauder, Terran Infantry Armor Level 1  
  141  8:04  Marauder  
  152  8:12  Marine, Marauder  
  151  8:13  Starport  
  151  8:19  Marine, Viking x2  
  155  8:24  Marine  
  157  8:28  Marine, Marauder  
  157  8:31  Marauder  
  157  8:34  Marauder  
  148  8:46  Marine  
  140  8:50  Marauder  
  140  8:53  Marauder  
  130  8:56  Marine, Marauder  
  130  8:59  Viking x2  
  130  9:00  Viking x2  
  135  9:06  Marine  
  135  9:09  Marine  
  132  9:10  Marine  
  132  9:11  Marauder  
  132  9:14  Marauder  
  132  9:17  Marine  
  128  9:18  Marauder  
  128  9:23  Barracks x2  
  128  9:24  Marine  
  125  9:25  Barracks  
  125  9:27  Marine  
  125  9:28  Marine  
  128  9:31  Ghost Academy  
  128  9:32  Marauder  
  128  9:33  Command Center  
  128  9:34  Sensor Tower  
  128  9:35  Viking x3  
  128  9:36  Viking  
  128  9:38  Refinery, Marauder  
  140  9:39  Marauder  
  140  9:45  Marine x3  
  144  9:49  Supply Depot  
  144  9:54  Marauder  
  144  9:59  Marauder  
  145  10:00  Marauder  
  145  10:01  Marine  
  145  10:02  Marine  
  145  10:03  Marine  
  145  10:04  Terran Infantry Weapons Level 3  
  148  10:08  Viking x3  
  148  10:13  Barracks Reactor, Barracks Tech Lab x2  
  153  10:15  Marauder  
  137  10:30  Marauder x2  
  109  10:36  Marine, Marauder x2  
  109  10:40  Medivac x2, Marauder  
  109  10:41  Medivac  
  98  10:45  Orbital Command  
  77  10:51  Marine, Marauder  
  77  10:52  Marauder  
  77  10:53  Marine  
  72  10:57  Orbital Command  
  72  10:58  Marine, Marauder  
  72  10:59  Marine x4  
  72  11:00  Marine  
  72  11:02  Medivac  
  82  11:09  SCV  
  82  11:10  SCV  
  84  11:16  Marine  
  84  11:17  Marauder  
  87  11:21  SCV  
  87  11:22  SCV x2  
  87  11:23  SCV  
  91  11:25  Marine x2  
  91  11:26  Marine x4  
  91  11:29  Terran Infantry Armor Level 2  
  97  11:33  SCV  
  97  11:37  SCV x3  
  101  11:42  Marine  
  101  11:43  Marine x3, Marauder  
  101  11:46  Marine, Marauder  
  110  12:01  Medivac x2  
  112  12:02  Marine x5, Marauder x2  
  112  12:03  Marine x2  
  112  12:04  Marine  
  112  12:07  Marine  
  126  12:11  SCV  
  126  12:12  SCV x3  
  126  12:20  Marine x4  
  126  12:21  Marauder  
  126  12:22  Marauder  
  131  12:23  SCV  
  131  12:29  Liberator  
  118  12:32  Orbital Command  
  99  12:37  Marine  
  99  12:38  Marauder x2  
  99  12:39  Marine  
  88  12:44  Marine, Marauder  
  88  12:45  Marine x5  
  95  12:55  Marine  
  95  12:56  SCV, Marine  
  95  12:57  SCV x2  
  100  13:03  SCV  
  100  13:04  Marine, Marauder  
  104  13:06  Marine  
  104  13:07  Marine  
  104  13:08  SCV  
  104  13:09  SCV x2  
  109  13:15  SCV  
  110  13:23  Marine  
  110  13:24  SCV x3  
  114  13:27  SCV, Bunker  
  114  13:36  SCV  
  114  13:37  SCV x2  
  114  13:39  SCV  
  128  13:47  Medivac x2  
  132  13:48  SCV  
  130  14:08  Unknown x4  
  130  14:09  Unknown  
  130  14:12  Enhanced Shockwaves  
  130  14:14  Marine, Marauder x4  
  139  14:17  Marine  
  139  14:18  SCV  
  139  14:20  Refinery  
  139  14:21  Refinery  
  140  14:25  Marine  
  140  14:26  Marauder  
  142  14:34  Marine  
  142  14:35  Marauder x2  
  142  14:37  Marauder  
  148  14:45  Marine, Marauder  
  147  14:46  Marine  
  147  14:47  Marine, Marauder  
  147  14:50  Viking  
  150  14:54  Marine x2  
  150  14:56  Marauder x2  
  156  15:02  Marine  
  156  15:08  Refinery  
  156  15:09  Supply Depot  
  156  15:10  Command Center  
  156  15:11  Marine x3, Supply Depot  
  156  15:12  Marine, Marauder x2  
  164  15:16  Missile Turret  
  164  15:30  Marine x4  
  164  15:31  Viking, Marauder, Personal Cloaking  
  164  15:32  Marine, Viking x2  
  177  15:43  Viking  
  177  15:47  Marine  
  180  15:59  Marauder x2  
  180  16:01  Viking, Marauder  
  180  16:04  Viking x2  
  173  16:06  Marauder  
  173  16:09  Marine  
  173  16:10  Marine, Marauder  
  179  16:12  Marine  
  179  16:13  Viking  
  156  16:41  Viking x2  
  156  16:43  Viking  
  162  16:53  Unknown  
  160  16:54  Marine x4, Unknown  
  160  16:55  Marine, Marauder  
  165  17:15  Marauder x3  
  124  17:16  Marine, Marauder  
  124  17:20  Marauder  
  110  17:25  Orbital Command  
  88  17:30  Marine  
  88  17:31  Marine  
  88  17:36  Marauder  
  81  17:37  Marauder  
  81  17:41  Marine  
  81  17:42  Marine x3  
  81  17:44  Marine  
  82  17:53  Orbital Command  
  82  17:55  SCV x4  
  82  17:56  Marine  
  86  18:01  Marine  
  86  18:05  Marine  
  86  18:06  Marine x8  
  86  18:07  SCV x2  
  97  18:14  Marine  
  97  18:17  SCV x2  
  97  18:19  SCV x2  
  102  18:24  Marine  
  102  18:25  Marauder  
  102  18:26  Marine  
  106  18:29  SCV  
  106  18:30  SCV x2  
  106  18:31  SCV  
  106  18:32  Marine  
  111  18:37  Marauder  
Show
View Real Time Build Order
Export as new Build Order

SKillous Protoss - Winner!

Build Orders: 1 Gate Expand, Oracle Opening 

Get SALT Encoding   

  12  0:00  Probe  
  13  0:12  Probe  
  14  0:17  Pylon  
  14  0:24  Probe (Chrono Boost)  
  15  0:35  Gateway  
  15  0:37  Probe (Chrono Boost)  
  16  0:46  Probe (Chrono Boost), Assimilator  
  17  0:51  Probe  
  18  1:03  Probe  
  19  1:15  Probe  
  20  1:23  Cybernetics Core  
  20  1:32  Nexus  
  20  1:40  Pylon  
  20  1:43  Probe  
  21  1:48  Assimilator  
  21  1:55  Probe  
  21  1:56  Adept (Chrono Boost)  
  24  2:07  Probe  
  25  2:17  Adept (Chrono Boost)  
  25  2:19  Probe  
  25  2:22  Stargate  
  28  2:31  Probe  
  29  2:37  Warp Gate  
  29  2:42  Adept  
  31  2:44  Probe (Chrono Boost)  
  31  2:50  Probe (Chrono Boost)  
  33  2:54  Probe (Chrono Boost)  
  33  2:57  Probe (Chrono Boost)  
  35  2:59  Probe (Chrono Boost)  
  35  3:04  Oracle (Chrono Boost)  
  36  3:08  Probe  
  36  3:11  Probe  
  41  3:17  Pylon  
  41  3:20  Probe  
  41  3:23  Probe  
  43  3:32  Probe  
  44  3:35  Probe  
  45  3:45  Probe  
  45  3:46  Oracle (Chrono Boost)  
  45  3:47  Probe  
  48  3:57  Probe  
  48  3:59  Probe  
  50  4:09  Probe  
  47  4:11  Probe  
  47  4:14  Gateway  
  47  4:15  Gateway  
  48  4:18  Phoenix (Chrono Boost), Assimilator  
  48  4:19  Assimilator  
  48  4:20  Nexus  
  48  4:21  Probe, Pylon  
  48  4:23  Probe  
  52  4:27  Pylon  
  52  4:33  Probe  
  52  4:36  Probe  
  54  4:39  Phoenix (Chrono Boost)  
  54  4:40  Stalker  
  54  4:45  Probe  
  59  4:48  Probe  
  59  4:49  Robotics Facility  
  60  4:56  Phoenix (Chrono Boost)  
  60  4:57  Probe  
  60  5:00  Probe  
  61  5:09  Probe  
  61  5:10  Zealot x3  
  61  5:12  Probe  
  69  5:20  Pylon, Shield Battery x2  
  69  5:21  Probe  
  70  5:30  Pylon  
  70  5:31  Phoenix (Chrono Boost)  
  73  5:39  Probe x2 (Chrono Boost)  
  73  5:41  Sentry x2  
  79  5:45  Probe (Chrono Boost)  
  79  5:46  Observer  
  79  5:47  Forge  
  79  5:48  Probe (Chrono Boost)  
  79  5:49  Twilight Council  
  82  5:50  Probe (Chrono Boost)  
  82  5:52  Probe (Chrono Boost)  
  82  5:54  Pylon  
  84  5:59  Probe, Robotics Bay  
  84  6:05  Gateway x2  
  84  6:07  Gateway  
  84  6:08  Gateway  
  84  6:14  Probe x2, Immortal (Chrono Boost)  
  84  6:15  Protoss Ground Armor Level 1 (Chrono Boost)  
  85  6:21  Pylon  
  85  6:25  Charge (Chrono Boost)  
  88  6:32  Phoenix  
  88  6:37  Probe x2, Pylon  
  88  6:38  Probe  
  90  6:40  Assimilator  
  90  6:42  Assimilator  
  90  6:43  Pylon  
  91  6:47  Pylon  
  91  6:48  Colossus (Chrono Boost)  
  91  6:49  Probe  
  91  6:50  Probe  
  98  7:01  Phoenix  
  98  7:07  Zealot x7  
  114  7:10  Extended Thermal Lance  
  114  7:11  Pylon  
  113  7:28  Pylon  
  113  7:33  Gateway  
  113  7:35  Templar Archives  
  113  7:36  Pylon, Colossus (Chrono Boost)  
  119  7:47  Zealot x5  
  119  7:48  Zealot x2  
  119  7:49  Pylon  
  133  7:51  Probe  
  134  7:59  Pylon  
  134  8:04  Protoss Ground Weapons Level 1 (Chrono Boost)  
  132  8:10  Stalker x3  
  134  8:18  Colossus (Chrono Boost)  
  140  8:25  Pylon  
  138  8:27  Pylon  
  138  8:32  Pylon  
  124  8:37  Zealot x8  
  124  8:54  Probe  
  124  8:55  Probe x2  
  119  8:58  Zealot x3  
  119  8:59  Zealot x5  
  131  9:07  Probe x3  
  131  9:09  Warp Prism (Chrono Boost)  
  134  9:19  Probe x2  
  137  9:24  Sentry  
  137  9:25  High Templar x4  
  137  9:26  High Templar x3  
  152  9:33  Archon x2, Pylon  
  152  9:34  Archon  
  152  9:45  Nexus, Blink (Chrono Boost)  
  152  9:47  Pylon  
  146  10:02  High Templar  
  146  10:03  Zealot x3  
  146  10:04  Zealot x4  
  162  10:08  Probe x3  
  165  10:20  Probe x2  
  161  10:24  Archon  
  147  10:34  Zealot x5  
  147  10:35  Zealot x3  
  138  10:36  Probe  
  138  10:42  Immortal (Chrono Boost)  
  120  10:44  Protoss Ground Weapons Level 2 (Chrono Boost)  
  97  11:08  High Templar  
  97  11:09  High Templar x4  
  103  11:12  High Templar  
  103  11:16  Archon x2  
  103  11:17  Sentry  
  103  11:18  Zealot  
  109  11:21  Archon  
  109  11:29  Warp Prism (Chrono Boost)  
  109  11:38  Gateway  
  109  11:40  Gateway, Zealot x2  
  109  11:41  Stalker x4  
  109  11:42  Sentry  
  109  11:43  Sentry  
  109  11:46  Pylon  
  123  11:56  Zealot  
  123  11:57  Warp Prism  
  125  12:03  Zealot x2  
  125  12:05  Zealot x4  
  129  12:19  Zealot x2  
  119  12:32  Zealot x6  
  119  12:33  Colossus (Chrono Boost)  
  95  12:55  High Templar x2  
  95  12:56  High Templar x5  
  95  12:58  Probe x2  
  107  12:59  Assimilator x2  
  107  13:02  Archon x2  
  107  13:03  Archon  
  107  13:04  Protoss Ground Armor Level 2 (Chrono Boost)  
  107  13:09  Probe x2  
  107  13:11  Zealot x2  
  113  13:15  High Templar  
  115  13:25  Colossus (Chrono Boost)  
  121  13:27  Archon  
  121  13:28  Probe  
  121  13:34  Sentry, Nexus, Zealot x3  
  124  13:35  Zealot x5  
  136  13:45  Pylon  
  136  14:04  Stalker x10  
  152  14:10  Colossus (Chrono Boost)  
  152  14:15  Robotics Facility  
  154  14:31  Zealot x10  
  148  14:53  Zealot x6  
  163  15:01  Disruptor (Chrono Boost)  
  163  15:03  Disruptor (Chrono Boost)  
  156  15:09  Probe x3  
  156  15:11  Stalker  
  156  15:12  Stalker x3  
  165  15:20  Protoss Ground Weapons Level 3 (Chrono Boost)  
  165  15:26  Zealot x3  
  165  15:27  Zealot x3, Disruptor (Chrono Boost)  
  183  15:31  Disruptor (Chrono Boost)  
  183  15:42  Stalker  
  183  15:43  Stalker x3  
  189  15:53  Disruptor (Chrono Boost)  
  181  16:05  Zealot x6, Disruptor (Chrono Boost)  
  191  16:18  Disruptor (Chrono Boost)  
  185  16:28  Stalker x7  
  195  16:33  Assimilator  
  195  16:34  Assimilator  
  191  16:43  Zealot x3  
  147  17:16  Zealot x10  
  111  17:38  Disruptor (Chrono Boost)  
  111  17:39  Probe x2  
  111  17:43  Colossus (Chrono Boost)  
  111  17:45  Stalker x6  
  111  17:46  Stalker x4  
  127  18:07  Probe x2  
  127  18:11  Colossus (Chrono Boost)  
  127  18:12  Nexus  
  129  18:14  Pylon, Zealot x10  
  149  18:20  Disruptor (Chrono Boost)  
  149  18:21  Pylon  
  150  18:34  Sentry x2  
  150  18:35  High Templar x3  
  150  18:36  High Templar x5  
  150  18:40  Archon x3  
  170  18:41  Archon  
Tags
 
Add a new tag
Caveats
  • Supply blocks, unpowered buildings, or Contaminate may cause inaccurate times.
  • Supply counts are checked every 10 seconds.